 Dungeon Crawl Stone Soup version 0.27.0-1-g7a089689b8 (webtiles) character file.

Game seed: 1179740724056028279

312 Naeght the Poker (level 6, -6/48 HPs)
             Began as a Merfolk Gladiator on Aug 17, 2021.
             Killed from afar by an orc wizard (7 damage)
             ... with a puff of flame
             ... on level 3 of the Dungeon.
             The game lasted 00:12:37 (4486 turns).

Naeght the Poker (Merfolk Gladiator)                Turns: 4486, Time: 00:12:38

Health: -6/48      AC:  4    Str: 14    XL:     6   Next: 42%
Magic:  15/15      EV: 15    Int:  9    God:
Gold:   99         SH:  0    Dex: 16    Spells: 5/5 levels left

rFire    . . .     SeeInvis .   a - +0 trident
rCold    . . .     Faith    .   (no shield)
rNeg     . . .     Spirit   .   j - +0 animal skin
rPois    .         Reflect  .   c - +0 helmet
rElec    .         Harm     .   q - +0 cloak
rCorr    .         Rampage  .   (no gloves)
Will     .....                  (no boots)
Stlth    +.........             (no amulet)
HPRegen  0.16/turn              i - ring of magical power
MPRegen  0.14/turn              n - ring of wizardry

@: on berserk cooldown, slowed, very slow
A: (nimble swimmer 2), mertail
a: no special abilities


You were on level 3 of the Dungeon.
You visited 1 branch of the dungeon, and saw 4 of its levels.

You collected 119 gold pieces.
You spent 20 gold pieces at shops.

Inventory:

Hand Weapons
 a - a +0 trident (weapon)
Missiles
 d - 3 throwing nets
 k - 125 stones
 l - 2 atropa-tipped darts
 m - 11 poisoned darts (quivered)
Armour
 c - a +0 helmet (worn)
 j - a +0 animal skin (worn)
 q - a +0 cloak (worn)
Jewellery
 i - a ring of magical power (left hand)
 n - a ring of wizardry (right hand)
Scrolls
 b - 7 scrolls of identify
 h - a scroll of teleportation {unknown}
 s - a scroll of noise {unknown}
 t - a scroll of enchant weapon {unknown}
 v - 2 scrolls of vulnerability {unknown}
Potions
 e - a potion of resistance
 f - a potion of curing
 g - a potion of berserk rage
 o - a potion of might {unknown}
 p - a potion of invisibility {unknown}
 r - a potion of degeneration {unknown}
 u - a potion of attraction {unknown}


   Skills:
 + Level 4.0 Fighting
 * Level 7.8 Polearms
 - Level 2.0 Throwing
 + Level 5.7 Dodging


You had 5 spell levels left.
You didn't know any spells.
Your spell library contained the following spells:

 Spells                   Type           Power      Damage    Failure   Level
 Apportation              Tloc           0%         N/A       16%         1
 Static Discharge         Conj/Air       0%         N/A       24%         2
 Alistair's Intoxication  Tmut/Pois      0%         N/A       98%         5
 Lightning Bolt           Conj/Air       0%         1d11      98%         5
 Invisibility             Hex            0%         N/A       100%        6
 Maxwell's Capacitive Co  Air            0%         ∞         100%        8


Dungeon Overview and Level Annotations

Branches:
Dungeon (4/15)
 Temple: D:4-7

Altars:
Xom

Shops:
D:1 ?


Innate Abilities, Weirdness & Mutations

((You are quick and stealthy near water. (Stealth+, EV+, Speed+++)))
Your lower body shifts to a powerful aquatic tail in water.


Message History

The puff of flame hits you!
* * * LOW HITPOINT WARNING * * *
Something hits you.
* * * LOW HITPOINT WARNING * * *
You are no longer berserk.
You are exhausted.
You feel yourself slow down. Something hits you.
* * * LOW HITPOINT WARNING * * *
Something hits you.
* * * LOW HITPOINT WARNING * * *
Something barely misses you.
You bump into the rock wall.
Something hits you but does no damage. Something hits you.
* * * LOW HITPOINT WARNING * * *
Something hits you.
* * * LOW HITPOINT WARNING * * *
Something hits you but does no damage.
Unknown command.
You bump into the rock wall.
You feel less confused.
You hear some strange, mumbled words.
Something tries to affect you, but you resist.
Something hits you.
* * * LOW HITPOINT WARNING * * *
Something hits you but does no damage. Something barely misses you.
Something hits you.
* * * LOW HITPOINT WARNING * * *
It was a potion of curing.
You feel better. Something hits you.
* * * LOW HITPOINT WARNING * * *
Something barely misses you.
Something hits you but does no damage. x2
You barely miss something. Something hits you but does no damage.
Something hits you.
* * * LOW HITPOINT WARNING * * *
Something hits you.
* * * LOW HITPOINT WARNING * * *
Something hits you but does no damage.
You hear some strange, mumbled words.
A puff of flame appears from out of thin air!
The puff of flame hits you!
You die...

#.### #.# #.# #.#
########### ########
#.### #.........#
#......# #.##.
#.........#
#......###'##.
#.........#
#...........#.
######...@#
#...........#.
#.).{###...........#.
#>[..'.'.........)...
#....###......###.##.
#)#.....).##### #.###
#.#.......# #.#
#.#.......#######.###
#.........'..........
#.#.......#######.###


There were no monsters in sight!

Vanquished Creatures
  An ogre (D:4)
  An orc wizard (D:3)
  Robin (D:2)
  7 gnolls
  4 adders
  2 worms
  A dart slug (D:1)
  12 endoplasms
  3 giant cockroaches
  11 goblins
  7 hobgoblins
  9 jackals
  3 ball pythons
  9 bats
  4 frilled lizards
  7 kobolds
  2 rats (D:2)
84 creatures vanquished.

Notes
Turn   | Place    | Note
-------+----------+-------------------------------------------
     0 | D:1      | Naeght the Merfolk Gladiator began the quest for the Orb.
     0 | D:1      | Reached XP level 1. HP: 16/16 MP: 1/1
   217 | D:1      | Reached XP level 2. HP: 22/23 MP: 2/2
   280 | D:1      | Reached skill level 5 in Polearms
   750 | D:1      | Reached XP level 3. HP: 28/28 MP: 3/3
   761 | D:1      | Found Ihukyfy's Magic Scroll Shoppe.
   769 | D:1      | Bought a scroll of identify for 20 gold pieces
  1247 | D:2      | Noticed Robin
  1263 | D:2      | Killed Robin
  1264 | D:2      | Reached XP level 4. HP: 9/34 MP: 4/4
  1585 | D:2      | Reached skill level 6 in Polearms
  2122 | D:2      | Reached skill level 5 in Dodging
  2243 | D:2      | Reached XP level 5. HP: 39/41 MP: 5/5
  2267 | D:2      | Found a faded altar of an unknown god.
  3232 | D:3      | Found a shimmering altar of Xom.
  3232 | D:3      | Found a shimmering altar of Xom.
  3232 | D:3      | Found a shimmering altar of Xom.
  3232 | D:3      | Found a shimmering altar of Xom.
  3233 | D:3      | Found a shimmering altar of Xom.
  3711 | D:4      | Noticed an ogre
  3726 | D:4      | Killed an ogre
  3727 | D:4      | Reached skill level 7 in Polearms
  3727 | D:4      | Reached XP level 6. HP: 12/48 MP: 6/6
  4484 | D:3      | HP: 2/48 [something (1)]
  4486 | D:3      | Killed from afar by an orc wizard

Illustrated notes

Levels and vault maps discovered:
D:1:      minmay_arrival_stone_box, layout_basic, serial_shops, shop
D:2:      layout_loops_ring, basic_ecumenical_altar, uniq_robin
D:3:      layout_basic, xom_redecorated
D:4:      layout_gridville, amcnicky_altar_gilded,
          minmay_a_box_with_orc_wizards_in_it

Skill      XL: |  1  2  3  4  5  6 |
---------------+-------------------+-----
Polearms       | 5 6 7 |  7.8
Fighting       | 3 4 |  4.0
Dodging        | 5 |  5.7
Throwing       | |  2.0

Action                   |  1- 3 |  4- 6 || total
-------------------------+-------+-------++-------
Melee: Trident           |   149 |   172 ||   321
Throw: Dart              |       |    28 ||    28
       Stone             |       |     5 ||     5
  Use: Scroll            |     1 |       ||     1
       Potion            |       |     2 ||     2
 Stab: Sleeping          |     3 |     2 ||     5
Armor: Leather armour    |    52 |     2 ||    54
       Animal skin       |       |    34 ||    34
Dodge: Dodged            |   103 |   100 ||   203
